 Dungeon Sprint DCSS version 0.30-a0-711-gf4ac18a38d (webtiles) character file.

Game seed: 4143268818932139149

7 PLAYERX the Slasher (level 2, 0/23 HPs)
             Began as a Gnoll Wanderer on Jan 22, 2023.
             Succumbed to a scorpion's poison
             ... in the Dungeon (Sprint VII: "The Pits").
             The game lasted 00:02:17 (105 turns).

PLAYERX the Slasher (Gnoll Wanderer)                 Turns: 105, Time: 00:02:18

Health: 0/23       AC:  3    Str: 12    XL:     2   Next: 0%
Magic:  6/6        EV: 11    Int: 11    God:
Gold:   0          SH:  0    Dex: 10    Spells: 6/7 levels left

rFire   . . .      SeeInvis .    a - +2 falchion
rCold   . . .      Faith    .    (no shield)
rNeg    . . .      Spirit   .    d - +0 leather armour
rPois   .          Reflect  .    (no helmet)
rElec   .          Harm     .    (no cloak)
rCorr   .          Rampage  .    (no gloves)
Will    .....      NoTele   +    (no boots)
Stlth   +                        (no amulet)
HPRegen 0.23/turn                (no ring)
MPRegen 0.10/turn                (no ring)

@: lethally poisoned (0 -> -9)
A: fangs 1, strong nose, distributed training
a: no special abilities


You were in the Dungeon.
You visited 1 branch

Inventory:

Hand Weapons
 a - a +2 falchion (weapon)
Armour
 d - a +0 leather armour (worn)
Wands
 b - a wand of flame (7)
Scrolls
 c - a scroll of fear
 j - a scroll of blinking
 l - 5 scrolls of amnesia
 m - a scroll of butterflies
Potions
 e - a potion of curing
 f - a potion of heal wounds
 g - a potion of haste
 h - 4 potions of magic
 i - 3 potions of berserk rage
 k - 2 potions of invisibility


   Skills:
 + Level 2.7 Fighting
 + Level 1.1 Short Blades
 + Level 6.6 Long Blades
 + Level 1.1 Axes
 + Level 1.1 Maces & Flails
 + Level 1.1 Polearms
 + Level 1.1 Staves
 + Level 1.1 Ranged Weapons
 + Level 1.1 Throwing
 + Level 1.1 Armour
 + Level 1.1 Dodging
 + Level 1.1 Stealth
 + Level 1.1 Shields
 + Level 1.1 Unarmed Combat
 + Level 3.0 Spellcasting
 + Level 0.8 Conjurations
 + Level 0.8 Hexes
 + Level 0.8 Summonings
 + Level 5.4 Necromancy
 + Level 0.8 Translocations
 + Level 0.8 Transmutations
 + Level 0.8 Fire Magic
 + Level 0.8 Ice Magic
 + Level 0.8 Air Magic
 + Level 0.8 Earth Magic
 + Level 0.8 Poison Magic
 + Level 1.2 Invocations
 + Level 4.6 Evocations


You had 6 spell levels left.
You knew the following spells:

 Your Spells              Type           Power      Damage    Failure   Level
a - Kiss of Death         Conj/Necr      32%        2d7       9%          1

Your spell library contained the following spells:

 Spells                   Type           Power      Damage    Failure   Level
 Vampiric Draining        Necr           13%        2d6       11%         3


Dungeon Overview and Level Annotations

Branches:
Dungeon (1/1)

Altars:


Innate Abilities, Weirdness & Mutations

You have very sharp teeth.
Your uncanny sense of smell can sniff out nearby items.
Your experience applies equally to all skills.


Message History

Your Maces & Flails skill increases to level 1!
Your Polearms skill increases to level 1!
Your Staves skill increases to level 1!
Your Ranged Weapons skill increases to level 1!
Your Throwing skill increases to level 1!
Your Armour skill increases to level 1!
Your Dodging skill increases to level 1!
Your Stealth skill increases to level 1!
Your Shields skill increases to level 1!
Your Unarmed Combat skill increases to level 1!
You see here a ball python corpse.
You open the door.
A scorpion and a ball python come into view.
The ball python hisses angrily.
You hear an angry hiss.
An adder comes into view.
You closely miss the adder.
You hit the ball python but do no damage.
The adder bites you.
You are poisoned.
The adder poisons you! The ball python barely misses you. x2
You slash the ball python!
You kill the ball python!
You feel sick. The adder bites you but does no damage.
Your Spellcasting skill increases to level 3!
You have reached level 2!
You closely miss the adder.
You feel sick. The adder bites you. The adder barely misses you.
You miss the adder. Your bite misses the adder.
You feel sick. The adder misses you.
You closely miss the adder. You punch the adder, but do no damage.
You feel sick. The scorpion barely misses you. The adder bites you.
The scorpion stings you.
You are lethally poisoned!
The scorpion poisons you!
You hit the scorpion but do no damage.
* * * LOW HITPOINT WARNING * * *
You feel very sick. The adder closely misses you. The scorpion stings you.
* * * LOW HITPOINT WARNING * * *
You die...

##########++
##########+##...........
#.?(.')))'.##......#..#.
##########.##...........
#..........†'...........
#'#####'#####......#..#.
#.#∆∆#.)...##...........
#.#∆∆#####'#####'#####++
#.#∆∆#..@†.##.......#
#.#∆∆#...S.##.......#
#.#∆∆###s####.......#
#.# ... #...<...# #.#
..... #.......# #.#
......##.......# #+#
#########.......#
#########


You could see a scorpion and an adder.

Vanquished Creatures
  2 ball pythons (D)
  A bat skeleton (D)
  An endoplasm (D)
  A kobold (D)
  A bat (D)
6 creatures vanquished.

Notes
Turn   | Place    | Note
-------+----------+-------------------------------------------
     0 | D        | PLAYERX the Gnoll Wanderer began the quest for the Orb.
     0 | D        | PLAYERX set off with the following items: a +2 falchion, a
                  | wand of flame (7), a scroll of fear, a +0 leather armour, a
                  | potion of curing, a potion of heal wounds, a potion of
                  | haste, 2 potions of magic, a potion of berserk rage, a
                  | scroll of blinking; and the following spell memorised: Kiss
                  | of Death; and the following spells available to memorise:
                  | Vampiric Draining.
     0 | D        | Reached XP level 1. HP: 17/17 MP: 4/4
    93 | D        | Reached skill level 1 in Invocations
    94 | D        | Reached skill level 1 in Short Blades
    94 | D        | Reached skill level 1 in Axes
    94 | D        | Reached skill level 1 in Maces & Flails
    94 | D        | Reached skill level 1 in Polearms
    94 | D        | Reached skill level 1 in Staves
    94 | D        | Reached skill level 1 in Ranged Weapons
    94 | D        | Reached skill level 1 in Throwing
    94 | D        | Reached skill level 1 in Armour
    94 | D        | Reached skill level 1 in Dodging
    94 | D        | Reached skill level 1 in Stealth
    94 | D        | Reached skill level 1 in Shields
    94 | D        | Reached skill level 1 in Unarmed Combat
    97 | D        | Noticed a scorpion
   101 | D        | Reached XP level 2. HP: 19/23 MP: 6/6
   105 | D        | Succumbed to a scorpion's poison

Illustrated notes

Levels and vault maps discovered:
D:        pitsprint [storerooms_1, entrance_room_1, metal_vault_4, armoury_1,
          mini_pit_1, grid_room_1, main_hall_1, silver_pit, the_coven_1,
          the_vestibule_1, steel_vault_5, golden_pit, hallway_of_sentries,
          crystal_vault_1, iron_vault_4, final_vault]

Skill      XL: |  1 |
---------------+----+-----
Invocations    | 1 |  1.2
Short Blades   | 1 |  1.1
Axes           | 1 |  1.1
Maces & Flails | 1 |  1.1
Polearms       | 1 |  1.1
Staves         | 1 |  1.1
Ranged Weapons | 1 |  1.1
Throwing       | 1 |  1.1
Armour         | 1 |  1.1
Dodging        | 1 |  1.1
Stealth        | 1 |  1.1
Shields        | 1 |  1.1
Unarmed Combat | 1 |  1.1
Spellcasting   | 3 |  3.0
Fighting       | |  2.7
Long Blades    | |  6.6
Conjurations   | |  0.8
Hexes          | |  0.8
Summonings     | |  0.8
Necromancy     | |  5.4
Translocations | |  0.8
Transmutations | |  0.8
Fire Magic     | |  0.8
Ice Magic      | |  0.8
Air Magic      | |  0.8
Earth Magic    | |  0.8
Poison Magic   | |  0.8
Evocations     | |  4.6

Action                     || total
---------------------------++-------
  Melee: Falchion          ||    18
         Punch             ||     1
   Stab: Sleeping          ||     1
 Armour: Leather armour    ||     9
  Dodge: Dodged            ||    16

Table legend: (Time is in decaauts)
 A = Elapsed time spent in this place.
 B = Non-inter-level travel time spent in this place.
 C = Inter-level travel time spent in this place.
 D = Time resting spent in this place.
 E = Time spent auto-exploring this place.
 F = Levels seen in this place.
 G = Mean time per level.
                   A        B        C        D        E       F      G
               +--------+--------+--------+--------+--------+-----+--------+
         Total |    104 |    104 |      0 |      0 |      0 |   1 |  104.0 |
       Dungeon |    104 |    104 |      0 |      0 |      0 |   1 |  104.0 |
               +--------+--------+--------+--------+--------+-----+--------+

Top non-repeatable levels by time:
       D: 104 daAuts
